 Dungeon Crawl Stone Soup version 0.30-b1-2-g02819fbbbe (webtiles) character file.

Game seed: 13842149560355728984

3241 enotiy the Cleaver (level 9, -7/55 HPs)
             Began as a Gargoyle Fighter on July 14, 2023.
             Was a Follower of Uskayaw.
             Constricted to death by Maurice the tengu (8 damage)
             ... on level 8 of the Dungeon.
             The game lasted 00:19:08 (7098 turns).

enotiy the Cleaver (Gargoyle Fighter)               Turns: 7098, Time: 00:19:08

Health: -7/55      AC: 19    Str: 24    XL:     9   Next: 99%
Magic:  18/18      EV:  4    Int:  9    God:    Uskayaw [*.....]
Gold:   390        SH:  8    Dex:  9    Spells: 8/8 levels left

rFire   . . .        a - +2 war axe
rCold   . . .        c - +3 buckler
rNeg    + . .        l - +0 plate armour
rPois   ∞            (no helmet)
rElec   +            (no cloak)
rCorr   .            (no gloves)
SInv    +            (no boots)
Will    .....        (no amulet) Stlth
                     j - ring of see invisible
HPRegen 0.29/turn    i - ring of magical power
MPRegen 0.16/turn

%: no passive effects
@: grasped by roots, constricted
A: sickness immunity, AC +6, negative energy resistance 1, electricity
resistance, torment resistance 1, petrification resistance, hooves 1
a: Renounce Religion, Stomp


You were on level 8 of the Dungeon.
You worshipped Uskayaw.
Uskayaw was noncommittal.
You visited 1 branch of the dungeon, and saw 8 of its levels.

You collected 390 gold pieces.

Inventory:

Hand Weapons
 a - a +2 war axe (weapon)
Missiles
 o - 2 throwing nets (quivered)
Armour
 c - a +3 buckler (worn)
 l - a +0 plate armour (worn)
Jewellery
 i - a ring of magical power (right hand)
 j - a ring of see invisible (left hand)
Wands
 b - a wand of polymorph (2)
Scrolls
 h - a scroll of magic mapping
 k - 4 scrolls of identify
Potions
 d - 6 potions of might


   Skills:
 + Level 6.0 Fighting
 + Level 8.6 Axes
 + Level 7.2 Armour
 + Level 2.5 Dodging
 + Level 3.3 Stealth
 + Level 6.2 Shields
 + Level 1.5 Evocations


You had 8 spell levels left.
You didn't know any spells.
Your spell library contained the following spells:

 Spells                   Type           Power      Damage    Failure   Level
 Ensorcelled Hibernation  Hex/Ice        0%         N/A       100%        2
 Passwall                 Tmut/Erth      0%         N/A       100%        2
 Swiftness                Air            0%         N/A       100%        3


Dungeon Overview and Level Annotations

Branches:
Dungeon (8/15)             Temple (0/1) D:4
   Lair: D:8-11

Altars:
Ashenzari
Cheibriados
Elyvilon
Fedhas
Ru
Uskayaw
Vehumet
Yredelemnul

Shops:
D:4 ?   D:7 (

Annotations:
D:8 Maurice


Innate Abilities, Weirdness & Mutations

You are immune to sickness and miasma.
Your stone body is resilient. (AC +6)
You are immune to poison.
You resist negative energy. (rN+)
You are resistant to electric shocks. (rElec)
You are resistant to unholy torment.
You are immune to petrification.
You have large cloven feet.


Message History

The grasping roots constrict you. You block the killer bee's attack.
You escape the roots grasp.
The killer bee stings you but does no damage.
The killer bee attacks as you move away!
The killer bee stings you. The killer bee barely misses you.
Maurice zaps a wand.
The roots erupt in riotous growth!
The killer bee is unaffected.
The grasping roots grab you! The grasping roots constrict you.
* * * LOW HITPOINT WARNING * * *
You slash the killer bee!
The killer bee is severely wounded.
You block the killer bee's attack. x2; The grasping roots constrict you.
The grasping roots release their grip on you.
You miss the killer bee. Your kick misses the killer bee.
The killer bee is severely wounded.
The killer bee stings you but does no damage.
You block the killer bee's attack.
You barely miss the killer bee. Your kick misses the killer bee.
The killer bee is severely wounded.
You block the killer bee's attack. The killer bee stings you.
* * * LOW HITPOINT WARNING * * *
Maurice zaps a wand.
The roots erupt in riotous growth!
The killer bee is unaffected.
The grasping roots grab you! The grasping roots constrict you.
You hear a loud, deep croak!
You closely miss the killer bee. Your kick misses the killer bee.
The killer bee is severely wounded.
The killer bee stings you.
* * * LOW HITPOINT WARNING * * *
The killer bee stings you but does no damage.
The grasping roots constrict you!
* * * LOW HITPOINT WARNING * * *
You closely miss the killer bee. Your kick misses the killer bee.
The killer bee is severely wounded.
You block the killer bee's attack. The killer bee stings you.
* * * LOW HITPOINT WARNING * * *
The grasping roots constrict you!
You die...

# #. .### ..# ##
##############[#
..
.......@yQ....>#
##############.#
#.# . #.# # #'#
# ##### ... #
#..<# ... #
....F.y...# ...
# .$.y......#


You could see Maurice the tengu and a killer bee.

Vanquished Creatures
  Pikel (D:7)
  Prince Ribbit (D:6)
  Sigmund (D:2)
  Duvessa (D:6)
  An orc warrior (D:7)
  2 sky beasts (D:7)
  A black bear (D:6)
  An ogre (D:7)
  2 centaurs (D:7)
  A lemure (D:7)
  3 phantoms
  A kobold brigand (D:6)
  Blork the orc (D:5)
  A scorpion (D:6)
  3 bullfrogs (D:7)
  4 wights (D:7)
  Dowan (D:6)
  A howler monkey (D:6)
  3 hounds
  A jelly (D:8)
  3 orc priests
  A gnoll bouda (D:4)
  4 iguanas
  Jessica (D:2)
  Terence (D:2)
  6 orc wizards
  5 gnolls
  6 adders
  A shadow imp (D:6)
  2 ufetubi
  2 dart slugs
  25 orcs
  5 bats
  7 endoplasms
  2 giant cockroaches
  6 goblins
  9 hobgoblins
  3 jackals
  2 quokkas
  A ball python (D:4)
  6 frilled lizards
  8 kobolds
  9 rats
  2 bushes (D:6)
148 creatures vanquished.

Vanquished Creatures (others)
  11 plants (D:6)
11 creatures vanquished.

Grand Total: 159 creatures vanquished

Notes
Turn   | Place    | Note
-------+----------+-------------------------------------------
     0 | D:1      | enotiy the Gargoyle Fighter began the quest for the Orb.
     0 | D:1      | Reached XP level 1. HP: 14/14 MP: 1/1
   170 | D:1      | Found a faded altar of an unknown god.
   201 | D:1      | Prayed at the altar of an unknown god.
   201 | D:1      | Became a worshipper of Uskayaw the Reveller
   201 | D:1      | Reached * piety under Uskayaw
   266 | D:1      | Reached XP level 2. HP: 19/19 MP: 2/2
   413 | D:1      | Reached ** piety under Uskayaw
   414 | D:1      | Reached skill level 2 in Axes
   976 | D:1      | Gained mutation: Your body sometimes deteriorates upon
                  | taking damage. [potion of mutation]
  1087 | D:2      | Reached XP level 3. HP: 23/23 MP: 3/3
  1132 | D:2      | Noticed Terence
  1140 | D:2      | Killed Terence
  1261 | D:2      | Noticed Sigmund
  1382 | D:2      | Reached XP level 4. HP: 29/29 MP: 4/4
  1677 | D:2      | Noticed Jessica
  1681 | D:2      | Killed Jessica
  1682 | D:2      | Reached skill level 3 in Axes
  1809 | D:2      | Killed Sigmund
  1810 | D:2      | Reached skill level 4 in Axes
  1810 | D:2      | Reached skill level 1 in Dodging
  1810 | D:2      | Reached XP level 5. HP: 15/33 MP: 5/5
  1810 | D:2      | Reached XP level 6. HP: 18/38 MP: 6/6
  2227 | D:3      | Found a basalt altar of Yredelemnul.
  2284 | D:3      | Reached *** piety under Uskayaw
  3012 | D:4      | Found a staircase to the Ecumenical Temple.
  3114 | D:4      | Found Qoigoa's Magic Scroll Emporium.
  3586 | D:4      | Lost mutation: Your body sometimes deteriorates upon taking
                  | damage. [potion of mutation]
  3586 | D:4      | Gained mutation: You have large cloven feet. [potion of
                  | mutation]
  3667 | D:5      | Entered Level 5 of the Dungeon
  3882 | D:4      | Reached XP level 7. HP: 41/43 MP: 7/7
  4003 | D:4      | Reached **** piety under Uskayaw
  4163 | D:5      | Reached skill level 5 in Axes
  4163 | D:5      | Reached skill level 5 in Armour
  4219 | D:5      | Found a blossoming altar of Fedhas.
  4227 | D:5      | Reached skill level 1 in Stealth
  4236 | D:5      | Found a sacrificial altar of Ru.
  4239 | D:5      | Found a snail-covered altar of Cheibriados.
  4241 | D:5      | Found a radiant altar of Vehumet.
  4247 | D:5      | Found a broken altar of Ashenzari.
  4354 | D:5      | Noticed Blork the orc
  4366 | D:5      | Killed Blork the orc
  4751 | D:6      | Reached XP level 8. HP: 47/48 MP: 8/8
  4921 | D:6      | Reached skill level 5 in Shields
  5120 | D:6      | Noticed Prince Ribbit
  5135 | D:6      | Killed Prince Ribbit
  5136 | D:6      | Reached skill level 6 in Axes
  5242 | D:6      | Noticed Duvessa
  5243 | D:6      | Noticed Dowan
  5255 | D:6      | Killed Duvessa
  5277 | D:6      | Killed Dowan
  5383 | D:6      | Found a hide-covered altar of Uskayaw.
  5418 | D:6      | Reached skill level 5 in Fighting
  5418 | D:6      | Reached skill level 7 in Axes
  5418 | D:6      | Reached XP level 9. HP: 54/54 MP: 9/9
  5831 | D:7      | Found Qirik's Antique Weapon Boutique.
  5953 | D:7      | Noticed Pikel
  5971 | D:7      | Reached ***** piety under Uskayaw
  5972 | D:7      | Killed Pikel
  6005 | D:7      | Noticed Maggie
  6020 | D:7      | Maggie changed into Maggie the centaur
  6020 | D:7      | Noticed Maggie
  6141 | D:8      | Noticed Maurice
  6435 | D:7      | Reached skill level 8 in Axes
  6448 | D:7      | Killed Maggie the centaur
  6462 | D:7      | Reached skill level 1 in Evocations
  7045 | D:8      | Found a white marble altar of Elyvilon.
  7065 | D:8      | Noticed a hornet
  7087 | D:8      | Maurice changed into Maurice the tengu
  7087 | D:8      | Noticed Maurice
  7098 | D:8      | HP: 1/55 [killer bee (3)]
  7098 | D:8      | Constricted to death by Maurice the tengu

Illustrated notes

Levels and vault maps discovered:
D:1:      minmay_arrival_nine_rooms, layout_loops_corners,
          ebering_ecumenical_altar_box, minivault_25, minmay_close_crescents
D:2:      layout_loops_cross, minmay_tall_x, uniq_terence, uniq_jessica,
          uniq_sigmund
D:3:      layout_basic, nicolae_overflow_crystal_walls
D:4:      layout_basic, minmay_temple_entry_glassed_door, serial_shops,
          nicolae_shop_advertising_works [nicolae_subvault_shop_adworks]
D:5:      layout_cave_pools, nicolae_overflow_hallway_of_the_gods,
          due_unseen_surprise, uniq_blork_the_orc
D:6:      layout_loops_ring, eat_drink_and_be_merry_uskayaw,
          minmay_curled_crystal, lexackson_kobold_supper, uniq_prince_ribbit1,
          uniq_duvessa
D:7:      layout_cave_pods, nicolae_stop_n_shop_1, nrook_mini_vaults,
          kb_lookout_dungeons_type, skrybe_limestone_x, uniq_maggie, uniq_pikel
D:8:      layout_basic, okawaru_metal_pillars_3, trog_hazing_becter,
          nicolae_gozag_cash_rules_everything_around_me, elyvilon_altar_5,
          serial_shops, shop, minmay_small_thing, uniq_maurice

Skill      XL: |  1  2  3  4  5  6  7  8  9 |
---------------+----------------------------+-----
Axes           | 2 4 5 7 8 |  8.6
Shields        | 4 5 6 |  6.2
Fighting       | 4 5 6 |  6.0
Armour         | 4 5 6 7 |  7.2
Dodging        | 1 2 |  2.5
Stealth        | 1 2 3 |  3.3
Evocations     | 1 |  1.5

Action                     |  1- 3 |  4- 6 |  7- 9 || total
---------------------------+-------+-------+-------++-------
  Melee: War axe           |    70 |   126 |   327 ||   523
         Kick              |       |     3 |    98 ||   101
  Evoke: Wand              |       |     3 |    14 ||    17
    Use: Scroll            |     7 |     2 |    11 ||    20
         Potion            |     2 |     6 |     6 ||    14
   Stab: Paralysed         |       |     1 |    11 ||    12
 Armour: Scale mail        |    40 |    79 |   100 ||   219
         Plate armour      |       |       |    68 ||    68
  Dodge: Dodged            |    36 |    49 |   132 ||   217
  Block: Buckler           |    18 |    40 |   118 ||   176
